 Dungeon Crawl Stone Soup version 0.29.0-4-gdea44cf6ec (webtiles) character file.

Game seed: 8957568157010735268

541 qw the Chopper (level 7, -4/41 HPs)
             Began as a Tengu Warper on Aug 28, 2022.
             Slain by Eustachio
             ... wielding a +0 falchion
              (9 damage)
             ... on level 5 of the Dungeon.
             The game lasted 00:00:31 (5312 turns).

qw the Chopper (Tengu Warper)                       Turns: 5312, Time: 00:00:31

Health: -4/41      AC: 13    Str: 13      XL:     7   Next: 26%
Magic:  11/11      EV:  5    Int: 14      God:
Gold:   312        SH:  0    Dex: 11 (13) Spells: 10/10 levels left

rFire   . . .      SeeInvis .   Y - +0 war axe
rCold   . . .      Faith    .   (no shield)
rNeg    . . .      Spirit   .   n - +0 plate armour
rPois   .          Reflect  .   (helmet restricted)
rElec   .          Harm     .   (no cloak)
rCorr   .          Rampage  .   j - +1 pair of gloves
Will    .....                   (boots unavailable)
Stlth   ..........              (no amulet)
HPRegen 0.13/turn               (no ring)
MPRegen 0.12/turn               (no ring)

@: flying quickly and evasively, quick
A: beak, talons 3, nimble flight
a: no special abilities


You were on level 5 of the Dungeon.
You visited 1 branch of the dungeon, and saw 5 of its levels.

You collected 312 gold pieces.


Innate Abilities, Weirdness & Mutations

You have a beak for a mouth.
You have claws for feet.
Your magical nature lets you fly swiftly and evasively.


   Skills:
 - Level 3.0 Fighting
 + Level 7.2 Axes
 - Level 1.0 Throwing
 - Level 3.5 Armour
 - Level 2.1 Dodging
 - Level 2.0 Spellcasting
 - Level 2.4 Translocations


You had 10 spell levels left.
You didn't know any spells.
Your spell library contained the following spells:

 Spells                   Type           Power      Damage    Failure   Level
 Blink                    Tloc           16%        N/A       100%        2
 Gell's Gravitas          Tloc           8%         N/A       100%        3
 Lesser Beckoning         Tloc           8%         N/A       100%        3
 Teleport Other           Tloc           8%         N/A       100%        3
 Manifold Assault         Tloc           8%         N/A       100%        5

Inventory:

Hand Weapons
 a - a +0 flail
 Y - a +0 war axe (weapon)
Missiles
 b - 2 boomerangs (quivered)
Armour
 j - a +1 pair of gloves (worn)
 n - a +0 plate armour (worn)
Scrolls
 e - 2 scrolls of identify
Potions
 g - a potion of curing
 i - a potion of mutation
 k - a potion of might

Dungeon Overview and Level Annotations

Branches:
Dungeon (5/15)
 Temple: D:4-7

Altars:

Shops:
D:1 (

Annotations:
D:4 1 runed translucent door, Crazy Yiuf
D:5 Eustachio


Message History

The quasit is severely wounded.
You barely miss the iron imp. You hit Eustachio. You hit the crimson imp.
The iron imp summons a swarm of flies.
The iron imp hits you.
The quasit bites you but does no damage.
The quasit barely misses you.
The quasit claws you but does no damage.
The crimson imp hits you but does no damage.
Eustachio hits you but does no damage.
You miss the quasit. Your kick misses the quasit. Your peck misses the quasit.
The quasit is severely wounded.
You barely miss the iron imp. You barely miss Eustachio.
You closely miss the crimson imp.
The quasit bites you but does no damage.
The quasit claws you but does no damage. x2
The iron imp hits you.
The crimson imp hits you but does no damage.
Eustachio hits you but does no damage.
The quasit bites you but does no damage.
The quasit claws you but does no damage.
The quasit closely misses you.
You miss the quasit.
The quasit is severely wounded.
You completely miss the iron imp. You hit Eustachio but do no damage.
You hit the crimson imp but do no damage.
The crimson imp blinks!
The iron imp hits you but does no damage.
The quasit bites you but does no damage.
The quasit claws you but does no damage. x2
Eustachio hits you with a +0 falchion.
You closely miss the quasit. Your kick misses the quasit.
Your peck misses the quasit.
The quasit is severely wounded.
You barely miss the iguana. You hit the iron imp. You barely miss Eustachio.
The quasit bites you.
You feel clumsy.
The quasit claws you but does no damage.
The quasit barely misses you. The iguana bites you.
Eustachio hits you with a +0 falchion!
You die...

##...# ### .#...# ..
..#.## .. ## ... #
..##.. . .###. .###. #
..# .... .###. .#.###.#.
...#...#..)... #...#...#
...#####
......#####...#...#####.
#..#
......#.5.#.).#...#...#.
###..
#...5@@..#.###.#.....#
#.
#....#.5l.###...###...##
........##.#.....#.###.#
#...#.......#...#...#...
### #...#...#####...#...
#.......# #...#... ##
.#.###... .#.###.# #o
.### .###. .###...## #o
## .. ## #.....#


You could see Eustachio, an iguana, an iron imp (summoned), a quasit (summoned)
and a crimson imp (summoned).

Vanquished Creatures
  A phantom (D:4)
  A scorpion (D:4)
  A howler monkey (D:5)
  A hound (D:5)
  2 iguanas (D:5)
  Jessica (D:3)
  Natasha (twice) (D:2)
  2 orc wizards (D:5)
  2 river rats (D:4)
  5 adders
  7 worms
  2 dart slugs (D:2)
  9 orcs
  8 endoplasms
  2 giant cockroaches
  7 goblins
  3 hobgoblins
  2 jackals (D:1)
  3 quokkas
  8 ball pythons
  5 bats
  A frilled lizard (D:1)
  4 kobolds
  10 rats
89 creatures vanquished.

Notes
Turn   | Place    | Note
-------+----------+-------------------------------------------
     0 | D:1      | qw the Tengu Warper began the quest for the Orb.
     0 | D:1      | Reached XP level 1. HP: 12/12 MP: 4/4
     0 | D:1      | 0 ||| qw: Version: 0.1-a-89-g26bdef1
     0 | D:1      | 0 ||| qw: Game counter: 1825
     0 | D:1      | 0 ||| qw: Always use a shield: true
     0 | D:1      | 0 ||| qw: God list: Okawaru
     0 | D:1      | 0 ||| qw: Allow faded altars: false
     0 | D:1      | 0 ||| qw: Do Orc after D:15 true
     0 | D:1      | 0 ||| qw: Do second Lair branch before Depths: true
     0 | D:1      | 0 ||| qw: Lair rune preference: random
     0 | D:1      | 0 ||| qw: Plans: Normal
     0 | D:1      | 0 ||| PLANNING D:1-11
    20 | D:1      | Found Wuhamm's Weapon Shoppe.
    25 | D:1      | 25 ||| SHOPLISTING +0 mace (39 gold, have 0).
    25 | D:1      | 25 ||| SHOPLISTING +0 whip (32 gold, have 0).
    83 | D:1      | Reached XP level 2. HP: 14/17 MP: 6/6
   139 | D:1      | Reached skill level 3 in Axes
   754 | D:1      | 754 ||| UPGRADING to +0 pair of gloves.
   759 | D:1      | 759 ||| DROPPING amulet of faith.
   760 | D:1      | 760 ||| READING 3 scrolls labelled QOJAIM XAOPTA.
   763 | D:1      | 763 ||| READING scroll labelled LIRPHE KUCAUS.
   764 | D:1      | 764 ||| DRINKING 2 golden potions.
   765 | D:1      | 765 ||| DROPPING scroll of blinking.
   766 | D:1      | 766 ||| DROPPING potion of attraction.
   841 | D:2      | 841 ||| Stepping ~*~*~tactically~*~*~ (hiding).
   942 | D:2      | 942 ||| Stepping ~*~*~tactically~*~*~ (stealth).
   978 | D:2      | 978 ||| Stepping ~*~*~tactically~*~*~ (stealth).
   994 | D:2      | 994 ||| Stepping ~*~*~tactically~*~*~ (stealth).
   995 | D:2      | 995 ||| Stepping ~*~*~tactically~*~*~ (stealth).
   996 | D:2      | 996 ||| Stepping ~*~*~tactically~*~*~ (stealth).
   999 | D:2      | 999 ||| Stepping ~*~*~tactically~*~*~ (stealth).
  1020 | D:2      | Reached XP level 3. HP: 17/21 MP: 7/7
  1464 | D:2      | Reached skill level 4 in Axes
  1483 | D:2      | Noticed Natasha
  1495 | D:2      | Killed Natasha
  1496 | D:2      | Reached XP level 4. HP: 10/26 MP: 8/8
  2191 | D:2      | 2191 ||| UPGRADING to +0 plate armour.
  2201 | D:2      | 2201 ||| DROPPING +0 leather armour.
  2202 | D:2      | 2202 ||| READING scroll labelled NEFERA DIW.
  2203 | D:2      | 2203 ||| READING scroll labelled ETANNE WEOCE.
  2305 | D:2      | Noticed Natasha
  2315 | D:2      | Killed Natasha
  2439 | D:2      | 2439 ||| READING scroll labelled VUZXUBETRA.
  2440 | D:2      | 2440 ||| READING scroll labelled ELAGYSCH KIMOEG.
  2441 | D:2      | 2441 ||| READING scroll labelled RESIQA VEHO.
  2442 | D:2      | 2442 ||| READING 4 scrolls of identify.
  2442 | D:2      | 2442 ||| IDENTIFYING sedimented dark potion
  2443 | D:2      | 2443 ||| READING 3 scrolls of identify.
  2443 | D:2      | 2443 ||| IDENTIFYING fizzy white potion
  2444 | D:2      | 2444 ||| READING 2 scrolls of identify.
  2444 | D:2      | 2444 ||| IDENTIFYING bubbling grey potion
  2445 | D:2      | 2445 ||| DROPPING potion of degeneration.
  2446 | D:2      | 2446 ||| DROPPING potion of brilliance.
  2447 | D:2      | 2447 ||| READING 3 scrolls of teleportation.
  2469 | D:3      | Reached skill level 5 in Axes
  2469 | D:3      | 2469 ||| STAIRDANCE
  2589 | D:3      | Gained mutation: Your magical nature lets you fly swiftly
                  | and evasively. [Tengu growth]
  2589 | D:3      | Reached XP level 5. HP: 25/30 MP: 9/9
  2782 | D:3      | Noticed Jessica
  2790 | D:3      | Killed Jessica
  3166 | D:3      | 3166 ||| READING scroll labelled VAUBBI FAICI.
  3167 | D:3      | 3167 ||| READING 4 scrolls of identify.
  3167 | D:3      | 3167 ||| IDENTIFYING metallic grey potion
  3168 | D:3      | 3168 ||| DROPPING potion of lignification.
  3174 | D:4      | 3174 ||| PLANNING SEWER
  3216 | D:4      | 3216 ||| Stepping ~*~*~tactically~*~*~ (stealth).
  3217 | D:4      | 3217 ||| Stepping ~*~*~tactically~*~*~ (stealth).
  3289 | D:4      | 3289 ||| SWAPPING to +0 war axe.
  3296 | D:4      | Reached skill level 6 in Axes
  3296 | D:4      | Reached XP level 6. HP: 35/35 MP: 10/10
  3296 | D:4      | 3296 ||| DROPPING +0 hand axe.
  3490 | D:4      | 3490 ||| READING scroll of enchant armour.
  3490 | D:4      | 3490 ||| ENCHANTING +0 pair of gloves.
  3597 | D:4      | 3597 ||| Stepping ~*~*~tactically~*~*~ (stealth).
  3600 | D:4      | 3600 ||| Stepping ~*~*~tactically~*~*~ (stealth).
  3603 | D:4      | 3603 ||| Stepping ~*~*~tactically~*~*~ (stealth).
  3608 | D:4      | 3608 ||| Stepping ~*~*~tactically~*~*~ (stealth).
  3613 | D:4      | 3613 ||| Stepping ~*~*~tactically~*~*~ (stealth).
  3749 | D:4      | Reached skill level 3 in Armour
  3801 | D:4      | Found a runed translucent door.
  3802 | D:4      | Noticed Crazy Yiuf
  3982 | D:4      | 3982 ||| RIP SEWER
  4003 | D:4      | 4003 ||| PLANNING D:1-11
  4385 | D:4      | 4385 ||| READING 3 scrolls labelled ABUOFAROGY.
  4486 | D:4      | 4486 ||| READING 6 scrolls of identify.
  4486 | D:4      | 4486 ||| IDENTIFYING fuming purple potion
  4487 | D:4      | 4487 ||| READING 5 scrolls of identify.
  4487 | D:4      | 4487 ||| IDENTIFYING sedimented cyan potion
  4488 | D:4      | 4488 ||| READING 4 scrolls of identify.
  4488 | D:4      | 4488 ||| IDENTIFYING brown potion
  4489 | D:4      | 4489 ||| READING 3 scrolls of identify.
  4489 | D:4      | 4489 ||| IDENTIFYING fizzy orange potion
  4490 | D:4      | 4490 ||| DROPPING 2 scrolls of silence.
  4491 | D:4      | 4491 ||| DROPPING potion of flight.
  4524 | D:5      | Entered Level 5 of the Dungeon
  4668 | D:5      | 4668 ||| Stepping ~*~*~tactically~*~*~ (hiding).
  4676 | D:5      | 4676 ||| FLEEEEING.
  4677 | D:5      | 4677 ||| FLEEEEING.
  4687 | D:5      | Reached skill level 7 in Axes
  4689 | D:5      | 4689 ||| Stepping ~*~*~tactically~*~*~ (stealth).
  4692 | D:5      | 4692 ||| FLEEEEING.
  4693 | D:5      | 4693 ||| FLEEEEING.
  4694 | D:5      | 4694 ||| FLEEEEING.
  4695 | D:5      | 4695 ||| FLEEEEING.
  4696 | D:5      | 4696 ||| FLEEEEING.
  4697 | D:5      | 4697 ||| FLEEEEING.
  4698 | D:5      | 4698 ||| FLEEEEING.
  4698 | D:5      | Noticed Eustachio
  4699 | D:5      | 4699 ||| FLEEEEING.
  4700 | D:5      | 4700 ||| FLEEEEING.
  4701 | D:5      | 4701 ||| FLEEEEING.
  4702 | D:5      | 4702 ||| FLEEEEING.
  4703 | D:5      | 4703 ||| FLEEEEING.
  4704 | D:5      | 4704 ||| FLEEEEING.
  4707 | D:5      | 4707 ||| FLEEEEING.
  4719 | D:5      | Reached XP level 7. HP: 22/40 MP: 11/11
  4723 | D:5      | HP: 5/40 [Eustachio/+0 falchion (6)]
  4724 | D:5      | 4724 ||| READING 2 scrolls of teleportation.
  4725 | D:5      | 4725 ||| DRINKING potion of heal wounds.
  4950 | D:5      | HP: 3/40 [iguana (11)]
  4951 | D:5      | 4951 ||| READING scroll of teleportation.
  4953 | D:5      | Reached skill level 3 in Fighting
  5283 | D:5      | 5283 ||| DROPPING +0 whip.
  5299 | D:5      | 5299 ||| Stepping ~*~*~tactically~*~*~ (hiding).
  5312 | D:5      | HP: 5/41 [iguana (6)]
  5312 | D:5      | Slain by Eustachio

Levels and vault maps discovered:
D:1:      nicolae_arrival_washed_ashore, layout_rooms, serial_shops,
          nicolae_shop_hallway_stairs, minmay_misc_feat_tower
D:2:      layout_basic, uniq_natasha
D:3:      layout_basic, kennysheep_cross_room, uniq_jessica
D:4:      layout_loops_ring, lightli_sewer_entry_pipes, uniq_crazy_yiuf_cottage
D:5:      nicolae_cairo_tiling, layout_gridville, uniq_eustachio

Skill      XL: |  1  2  3  4  5  6  7 |
---------------+----------------------+-----
Axes           | 3 4 5 6 7 |  7.2
Armour         | 2 3 |  3.5
Fighting       | 3 |  3.0
Throwing       | |  1.0
Dodging        | |  2.1
Spellcasting   | |  2.0
Translocations | |  2.4

Action                   |  1- 3 |  4- 6 |  7- 9 || total
-------------------------+-------+-------+-------++-------
Melee: Hand axe          |    71 |    90 |       ||   161
       Kick              |    21 |    41 |     7 ||    69
       Peck              |    15 |    24 |    12 ||    51
       Punch             |     1 |       |       ||     1
       War axe           |       |   100 |    43 ||   143
Throw: Boomerang         |     7 |       |     4 ||    11
  Use: Scroll            |     2 |    17 |     2 ||    21
       Potion            |     1 |       |     1 ||     2
Armor: Leather armour    |    13 |     4 |       ||    17
       Plate armour      |       |    90 |   106 ||   196
Dodge: Dodged            |    45 |    46 |    26 ||   117

Table legend:
 A = Non-vault XP
 B = Vault XP
 C = Vault XP percentage of total XP
 D = Non-vault monster count
 E = Vault monster count
 F = Vault count percentage of total count
                 A         B        C        D         E       F
            +---------+---------+-------+---------+---------+-------
      Total |     636 |     138 |  17.8 |      74 |      15 |  16.9
            +---------+---------+-------+---------+---------+-------
        D:1 |      22 |       0 |   0.0 |      13 |       0 |   0.0
        D:2 |      92 |      35 |  27.6 |      22 |       1 |   4.3
        D:3 |      46 |      37 |  44.6 |      11 |       1 |   8.3
        D:4 |     230 |      66 |  22.3 |      18 |      13 |  41.9
        D:5 |     246 |       0 |   0.0 |      10 |       0 |   0.0
            +---------+---------+-------+---------+---------+-------
